Map: Tours du crépuscule

Players

Plutonun

  • Race: Protoss Protoss
  • League: Silver

Sinloft - Winner!

  • Race: Zerg Zerg
  • League: Platinum

VOD

Have the link to the VOD?

Description

Time

  • Played on: Nov. 11, 2015, 10:51 a.m.
  • Length: 5:12
Show
View Real Time Build Order
Export as new Build Order

Plutonun Protoss 

Build Orders:  

Get SALT Encoding   

  12  0:01  Probe (Chrono Boost)  
  13  0:12  Probe (Chrono Boost)  
  14  0:18  Pylon  
  14  0:25  Probe (Chrono Boost)  
  15  0:36  Probe (Chrono Boost)  
  15  0:38  Gateway  
  16  0:47  Probe (Chrono Boost)  
  17  0:55  Assimilator  
  17  0:57  Probe (Chrono Boost)  
  17  1:01  Assimilator  
  18  1:08  Probe (Chrono Boost)  
  20  1:18  Probe (Chrono Boost)  
  20  1:27  Cybernetics Core  
  20  1:36  Probe (Chrono Boost)  
  21  1:50  Nexus  
  21  1:54  Probe (Chrono Boost)  
  22  2:04  Probe (Chrono Boost)  
  23  2:20  Pylon  
  23  2:32  Pylon  
  23  2:39  Mothership Core (Chrono Boost)  
  23  2:41  Stalker  
  26  2:55  Warp Gate  
  26  2:57  Probe (Chrono Boost)  
  27  3:02  Forge  
  27  3:08  Probe (Chrono Boost)  
  28  3:17  Probe (Chrono Boost)  
  28  3:19  Probe (Chrono Boost)  
  30  3:28  Probe (Chrono Boost)  
  30  3:29  Probe (Chrono Boost)  
  32  3:39  Probe (Chrono Boost)  
  33  3:49  Pylon  
  33  3:50  Stalker (Chrono Boost)  
  33  3:54  Gateway  
  26  4:18  Zealot (Chrono Boost)  
  18  4:40  Gateway  
  18  4:44  Gateway  
  19  4:46  Gateway  
  19  4:49  Gateway  
  18  4:52  Probe  
  19  5:08  Pylon  
Show
View Real Time Build Order
Export as new Build Order

Sinloft Zerg - Winner!

Build Orders: Pool First 

Get SALT Encoding   

  12  0:01  Drone  
  13  0:07  Drone  
  14  0:25  Overlord  
  14  0:29  Extractor  
  14  0:30  Drone x2, Extractor  
  16  0:44  Drone  
  16  0:48  Spawning Pool  
  16  0:50  Drone  
  17  0:58  Drone  
  18  1:15  Hatchery  
  18  1:18  Drone  
  18  1:22  Drone, Extractor  
  18  1:30  Drone  
  19  1:36  Queen  
  21  1:43  Overlord  
  21  1:52  Zergling x2  
  22  2:03  Zergling x2  
  23  2:16  Hatchery  
  22  2:24  Zergling x2  
  22  2:26  Metabolic Boost  
  23  2:33  Queen  
  25  2:43  Zergling x2  
  25  2:44  Zergling x4  
  28  2:50  Zergling x2  
  28  2:51  Zergling x2  
  30  2:57  Overlord  
  30  3:08  Zergling x4  
  32  3:14  Zergling x4  
  34  3:22  Zergling x4  
  34  3:23  Zergling x2  
  37  3:28  Zergling x2  
  38  3:38  Zergling x6  
  39  3:50  Zergling x4  
  39  4:02  Zergling x2  
  39  4:03  Zergling x6  
  41  4:11  Zergling x2  
  40  4:27  Zergling x4  
  42  4:39  Overlord x2  
  42  4:45  Overlord  
  41  4:48  Zergling x2  
Tags
 
Add a new tag
Caveats
  • Supply blocks, unpowered buildings, or Contaminate may cause inaccurate times.
  • Supply counts are checked every 10 seconds.